[Event "Team 45 45 League T39"]
[Site "Internet Chess Club"]
[Date "2008.11.01"]
[Round "2"]
[White "Camalleo"]
[Black "andrew28"]
[Result "1-0"]
[WhiteElo "1819"]
[BlackElo "1757"]
[Opening "Sicilian: Canal-Sokolsky attack, 3...Bd7"]
[ECO "B52"]
[Time "15:20:43"]
[TimeControl "2700+45"]

1. e4 c5 2. Nf3 d6 3. Bb5+ Bd7 4. Bxd7+ Nxd7 5. Nc3 a6 6. d4 cxd4 7. Qxd4 e6 8.
Be3 Ngf6 9. O-O Qc7 10. h3 Be7 11. Ne1 Nc5 12. Nd3 e5 13. Nd5 Qd8 14. Qc4 b5 15.
Nxf6+ Bxf6 16. Qd5 O-O 17. Rad1 Nxd3 18. Rxd3 Be7 19. Rc1 Kh8 20. c4 bxc4 21.
Rxc4 Rc8 22. Rxc8 Qxc8 23. Rc3 Qb8 24. Rb3 Qc8 25. Rb7 Qe8 26. Ra7 g5 27. a4 h5
28. Rxa6 g4 29. hxg4 Rg8 30. g5 h4 31. Ra7 h3 32. f4 hxg2 33. f5 f6 34. g6 Rf8
35. Qd1 Kg7 36. Qxd6 {Black resigns} 1-0

[Event "Team 45 45 League T39"]
[Site "Internet Chess Club"]
[Date "2008.11.03"]
[Round "2"]
[White "jjmolina"]
[Black "lafuga3"]
[Result "1-0"]
[WhiteElo "1757"]
[BlackElo "1657"]
[Opening "King's Indian with e4 & g3"]
[ECO "E72"]
[Time "15:12:04"]
[TimeControl "2700+45"]

1. d4 Nf6 2. c4 g6 3. Nc3 Bg7 4. e4 d6 5. g3 O-O 6. Bg2 e5 7. d5 Nbd7 8. Qc2 h6
9. Nf3 Nh7 10. O-O Ng5 11. Nxg5 hxg5 12. b4 f5 13. f4 gxf4 14. gxf4 a5 15. b5
Nc5 16. Rb1 Qh4 17. b6 cxb6 18. Rxb6 Ra6 19. Rxa6 Nxa6 20. Nb5 fxe4 21. Nxd6
exf4 22. Qxe4 Nc5 23. Qxg6 f3 24. Bxf3 Qd4+ 25. Kg2 Nd3 26. Nxc8 Nxc1 27. Ne7+
{Black resigns} 1-0

[Event "Team 45 45 League T39"]
[Site "Internet Chess Club"]
[Date "2008.11.01"]
[Round "2"]
[White "jordifp"]
[Black "Cotesita"]
[Result "0-1"]
[WhiteElo "1549"]
[BlackElo "1659"]
[Opening "QGD Slav: 4.e3 Bf5"]
[ECO "D12"]
[Time "20:04:36"]
[TimeControl "2700+45"]

1. d4 d5 2. c4 c6 3. Nf3 Nf6 4. e3 Bf5 5. Be2 e6 6. O-O Be7 7. a3 Nbd7 8. Nc3
O-O 9. b4 a5 10. bxa5 Rxa5 11. Nh4 dxc4 12. Nxf5 exf5 13. Bxc4 b5 14. Bd3 b4 15.
Ne2 bxa3 16. Qc2 Qc7 17. Bxf5 Rfa8 18. Ra2 g6 19. Bd3 Nd5 20. Bd2 Bb4 21. Rfa1
Qd6 22. e4 Bxd2 23. Qxd2 Nb4 24. e5 Qe7 25. Bc4 Nxa2 26. Rxa2 Nb6 27. Bb3 Nd5
28. Nc3 Qb7 29. Bxd5 cxd5 30. g3 Qb3 31. Nd1 Rb5 32. f4 Qf3 33. Qc1 Rb3 {White
resigns} 0-1

[Event "Team 45 45 League T39"]
[Site "Internet Chess Club"]
[Date "2008.10.31"]
[Round "2"]
[White "Invicta-Knight"]
[Black "mrmarck"]
[Result "1/2-1/2"]
[WhiteElo "1455"]
[BlackElo "1277"]
[Opening "Scandinavian (center counter) defense"]
[ECO "B01"]
[Time "15:13:13"]
[TimeControl "2700+45"]

1. e4 d5 2. exd5 Qxd5 3. Nc3 Qa5 4. d4 c6 5. Nf3 Nf6 6. Bd2 Qc7 7. Be2 Bf5 8.
Ne5 e6 9. Bf4 Bd6 10. h3 h6 11. g4 Bh7 12. h4 Nbd7 13. Nxd7 Qxd7 14. Bxd6 Qxd6
15. g5 Nd5 16. Nxd5 Qxd5 17. Rh3 O-O-O 18. c3 hxg5 19. hxg5 Qxg5 20. Qd2 Qg1+
21. Bf1 Qg6 22. Bd3 Qg1+ 23. Bf1 Qg6 24. Bd3 Qg1+ {Game drawn by mutual
agreement} 1/2-1/2

[Event "Team 45 45 League T39"]
[Site "Internet Chess Club"]
[Date "2008.11.01"]
[Round "2"]
[White "curtintime"]
[Black "stputte"]
[Result "1-0"]
[WhiteElo "1346"]
[BlackElo "1313"]
[Opening "Alekhine's defense"]
[ECO "B02"]
[Time "09:00:13"]
[TimeControl "2700+45"]

1. e4 Nf6 2. e5 Nd5 3. c4 Nb6 4. Nc3 d6 5. exd6 cxd6 6. Nf3 Bg4 7. Be2 g6 8. h3
Bxf3 9. Bxf3 Nc6 10. Bxc6+ bxc6 11. b3 Bg7 12. Bb2 Nd7 13. O-O O-O 14. Rb1 Qa5
15. a3 Qc7 16. Ne4 Bxb2 17. Rxb2 Qa5 18. Ra2 Rab8 19. Qg4 f5 20. Qg5 fxe4 21.
Qxa5 Nc5 {Black resigns} 1-0

[Event "Team 45 45 League T39"]
[Site "Internet Chess Club"]
[Date "2008.11.01"]
[Round "2"]
[White "JimGaming"]
[Black "BosqueVerde"]
[Result "1/2-1/2"]
[WhiteElo "1243"]
[BlackElo "1243"]
[Opening "Scotch game"]
[ECO "C45"]
[Time "14:00:31"]
[TimeControl "2700+45"]

1. e4 e5 2. Nf3 Nc6 3. d4 exd4 4. Nxd4 Nxd4 5. Qxd4 Nf6 6. Bc4 c5 7. Qe5+ Be7 8.
Bg5 O-O 9. O-O d6 10. Qf4 Be6 11. Nd2 a6 12. a4 Rb8 13. Rfd1 b5 14. axb5 axb5
15. Bxe6 fxe6 16. e5 Nd5 17. Bxe7 Qxe7 18. exd6 Nxf4 19. dxe7 Rf7 20. Ne4 Rxe7
21. Nxc5 Rc8 22. b4 Ne2+ 23. Kf1 Nc3 24. Rd2 e5 25. f3 Rec7 26. Nd7 e4 27. fxe4
Nxe4 28. Re2 Rxd7 29. Rxe4 Rxc2 30. Re2 Rf7+ 31. Ke1 Rc4 32. Ra8+ Rf8 33. Rxf8+
Kxf8 34. Rb2 Ke7 35. Kf2 Kf6 36. Ke3 Ke5 37. g3 Rc3+ 38. Kf2 Ke4 39. Rd2 g6 40.
Kg2 h5 41. Kh3 Rc4 42. Rf2 Kd3 43. Rf3+ Kc2 44. Rf2+ Kb3 45. Rf4 Kxb4 46. Rf6 g5
47. Rf5 g4+ 48. Kh4 Kc3 49. Rxb5 Kd4 50. Rxh5 Ke3 51. Rg5 Rc2 52. Kxg4 Rxh2 53.
Re5+ Kf2 54. Kf4 {Game drawn by mutual agreement} 1/2-1/2

[Event "Team 45 45 League T39"]
[Site "Internet Chess Club"]
[Date "2008.10.31"]
[Round "2"]
[White "rookmaster23"]
[Black "Gomer"]
[Result "1-0"]
[WhiteElo "1309"]
[BlackElo "1121"]
[Opening "QGD semi-Slav"]
[ECO "D43"]
[Time "20:00:13"]
[TimeControl "2700+45"]

1. d4 d5 2. c4 c6 3. Nc3 Nf6 4. Nf3 e6 5. Bg5 Be7 6. e3 Ne4 7. Bxe7 Qxe7 8. Qc2
Nd6 9. c5 Nf5 10. Bd3 O-O 11. O-O g6 12. Rfe1 Qf6 13. e4 Nxd4 14. Nxd4 Qxd4 15.
exd5 cxd5 16. Nb5 Qf4 17. g3 Qf3 18. Nc7 e5 19. Rxe5 Bh3 20. Bf1 Bf5 21. Qe2
Qxe2 22. Rxe2 Nd7 23. Nxa8 Rxa8 24. Bg2 Be6 25. Rc1 Rc8 26. Rec2 Bf5 27. Rc3 Be4
28. Bxe4 dxe4 29. b4 Ne5 30. Re3 Nd3 31. Rc4 f5 32. f3 Ne5 33. Rcc3 Nxf3+ 34.
Kg2 Rd8 35. Re2 a6 36. a4 Ne5 37. b5 axb5 38. axb5 Rd5 39. c6 bxc6 40. bxc6 Rd8
41. c7 Rc8 42. Rd2 Ng4 43. Rd8+ {Black resigns} 1-0

[Event "Team 45 45 League T39"]
[Site "Internet Chess Club"]
[Date "2008.11.02"]
[Round "2"]
[White "Kravier"]
[Black "smsxman"]
[Result "1/2-1/2"]
[WhiteElo "1542"]
[BlackElo "1406"]
[Opening "Queen's pawn game, Chigorin variation"]
[ECO "A04"]
[Time "14:05:06"]
[TimeControl "2700+45"]

1. Nf3 Nc6 2. d4 d5 3. Bf4 Nf6 4. e3 e6 5. h3 Bd7 6. c4 Be7 7. Nc3 a6 8. cxd5
exd5 9. Bd3 O-O 10. O-O Nb4 11. Rc1 Nxd3 12. Qxd3 c6 13. Rfe1 Re8 14. Ne5 Be6
15. b3 Bb4 16. Re2 Bd6 17. Bg5 Be7 18. Bxf6 Bxf6 19. f4 Qc8 20. e4 dxe4 21. Nxe4
Be7 22. Ng5 Bxg5 23. fxg5 Qd8 24. Qe3 Bd5 25. Qf4 f6 26. gxf6 Qxf6 27. Qe3 Rad8
28. Rf1 Qd6 29. Ree1 Rf8 30. Rxf8+ Rxf8 31. Ng4 Qa3 32. Re2 Qd6 33. Qe5 Qg6 34.
Rf2 Re8 35. Qc7 b5 36. Ne5 Qe4 37. Nxc6 Qe1+ 38. Rf1 Qe3+ 39. Kh2 Qe2 40. Rg1
Qe4 41. Nb4 Bb7 42. d5 Re7 43. Qd8+ Re8 44. Qd6 a5 45. Nc6 a4 46. b4 h6 47. Rf1
Qe2 48. Rf3 Qxa2 49. Ne7+ Rxe7 50. Qxe7 Bxd5 51. Qf8+ Kh7 52. Qf5+ Kg8 53. Rg3
Qc4 54. Rg4 Qc7+ 55. Qf4 Qc6 56. Qd4 Qd6+ 57. Rg3 g5 58. Kg1 Qxg3 59. Qxd5+ Kg7
60. Qxb5 a3 61. Qd7+ Kg6 62. b5 Qe3+ 63. Kh2 Qe5+ 64. Kg1 a2 65. Qd3+ Kg7 66.
Qd7+ Kf6 67. Qd8+ Kg7 68. Qd7+ Kf8 69. Qd8+ Kg7 70. Qd7+ Kf6 71. Qc6+ Qe6 72.
Qc3+ Kg6 73. Qc2+ Kg7 74. Qc3+ Kf8 75. Qa1 Qe3+ 76. Kh2 Qf4+ 77. Kh1 Qc4 78.
Qf6+ Ke8 79. Qe5+ Kd8 80. Qf6+ Kc7 81. Qg7+ Kb8 82. Qf8+ Ka7 83. Qg7+ Kb6 84.
Qxh6+ Kxb5 85. Qxg5+ Kb4 86. Qd2+ Ka3 87. Qe3+ Qb3 88. Qc1+ Qb2 89. Qe3+ Qb3 90.
Qc1+ Ka4 91. Qc6+ Ka3 92. Qc1+ Kb4 93. Qd2+ Ka4 94. Qd7+ Qb5 95. Qa7+ Kb3 96.
Qe3+ Kb2 97. Qd4+ Kb1 98. Qd1+ Kb2 99. Qd4+ Ka3 100. Qa7+ Qa4 101. Qe3+ Kb2 102.
Qe5+ Ka3 103. Qe3+ Qb3 104. Qc1+ {Game drawn by repetition} 1/2-1/2

[Event "Team 45 45 League T39"]
[Site "Internet Chess Club"]
[Date "2008.11.02"]
[Round "2"]
[White "Riddari"]
[Black "Visin"]
[Result "1-0"]
[WhiteElo "1333"]
[BlackElo "1244"]
[Opening "Sicilian: accelerated fianchetto, modern variation"]
[ECO "B34"]
[Time "15:02:43"]
[TimeControl "2700+45"]

1. e4 c5 2. Nf3 Nc6 3. d4 cxd4 4. Nxd4 g6 5. Nc3 Bg7 6. Nxc6 bxc6 7. Bd2 Nf6 8.
Bc4 Nxe4 9. Nxe4 d5 10. Bxd5 cxd5 11. Nc3 O-O 12. Rb1 Ba6 13. Ne2 Rb8 14. c3 Re8
15. O-O d4 16. Re1 e5 17. cxd4 exd4 18. b3 Rc8 19. Rc1 Rxc1 20. Bxc1 d3 21. Nf4
Rxe1+ 22. Qxe1 Bh6 23. Bd2 Bb5 24. a4 Bxf4 25. Bxf4 Qe8 26. Qd2 Qe2 27. axb5
Qxd2 28. Bxd2 Kf8 29. f3 Ke8 30. Kf2 Kd7 31. Be3 Kd6 32. Bxa7 Kc7 33. Ke3 Kb7
34. b6 {Black resigns} 1-0

[Event "Team 45 45 League T39"]
[Site "Internet Chess Club"]
[Date "2008.11.01"]
[Round "2"]
[White "Xerses"]
[Black "CoasterBrake"]
[Result "0-1"]
[WhiteElo "1258"]
[BlackElo "1267"]
[Opening "Queen's pawn game"]
[ECO "A45"]
[Time "18:03:42"]
[TimeControl "2700+45"]

1. d4 Nf6 2. e3 e6 3. Bd3 d5 4. Nd2 Bb4 5. c3 Be7 6. f4 c5 7. Ngf3 cxd4 8. exd4
Nc6 9. Ne5 Nxe5 10. fxe5 Nd7 11. O-O f6 12. Qh5+ Kf8 13. Rf3 Qe8 14. Qg4 g6 15.
Qxe6 Qf7 16. Qg4 Nb6 17. Qg3 Rg8 18. Qf2 f5 19. Nb3 Nc4 20. Bh6+ Ke8 21. Rb1 b6
22. Nd2 Bf8 23. Bg5 Nxd2 24. Qxd2 Bd7 25. Qf2 a6 26. Re1 Qe6 27. Qe2 Be7 28.
Bxe7 Kxe7 29. Bxa6 b5 30. Bxb5 Bxb5 31. Qxb5 Rxa2 32. Qb7+ Qd7 33. Qxd7+ Kxd7
34. Rf2 Rb8 35. Ree2 Ra1+ 36. Rf1 Ra2 37. Rb1 Rc8 38. Kf2 Ke6 39. Ke1 g5 40. Kd2
h5 41. Kc2 Rb8 42. Kc1 g4 43. Rc2 Rc8 44. b4 Ra3 45. Kd2 f4 46. b5 f3 47. gxf3
gxf3 48. b6 f2 49. b7 Rb8 50. c4 Rf3 51. Ke2 Rf7 52. cxd5+ Kxd5 53. Rc8 Rbxb7
54. Rxb7 f1=Q+ 55. Ke3 Rxb7 56. Rd8+ Ke6 57. Re8+ Re7 58. Rxe7+ Kxe7 59. d5 Qc4
60. d6+ Ke6 61. d7 Qd5 62. d8=Q Qxd8 63. Ke4 Qd2 64. h4 Qf2 65. Kd3 Kxe5 66. Kc4
Qxh4+ 67. Kb5 Qg5 68. Ka6 h4 69. Kb5 h3 70. Kc4 h2 71. Kd3 h1=R 72. Kc4 Ke6 73.
Kc3 Rh4 74. Kd3 Qg3+ 75. Ke2 Rh2+ 76. Kd1 Qg1# {White checkmated} 0-1

[Event "Team 45 45 League T39"]
[Site "Internet Chess Club"]
[Date "2008.11.03"]
[Round "2"]
[White "specialxtr"]
[Black "bjoernchess"]
[Result "1-0"]
[WhiteElo "2438"]
[BlackElo "2311"]
[Opening "King's Indian: Petrosian system"]
[ECO "E92"]
[Time "17:00:47"]
[TimeControl "2700+45"]

1. d4 Nf6 2. Nf3 g6 3. c4 Bg7 4. Nc3 O-O 5. e4 d6 6. Be2 e5 7. d5 Na6 8. O-O Nc5
9. Qc2 a5 10. Bg5 h6 11. Be3 b6 12. h3 Nh5 13. Qd2 Kh7 14. Rfe1 Qf6 15. Nh2 Nf4
16. Bf1 h5 17. g3 g5 18. Bxc5 bxc5 19. gxf4 exf4 20. Bg2 g4 21. hxg4 hxg4 22. e5
dxe5 23. Be4+ Kg8 24. d6 {Black resigns} 1-0

[Event "Team 45 45 League T39"]
[Site "Internet Chess Club"]
[Date "2008.11.01"]
[Round "2"]
[White "killer21"]
[Black "freestyle"]
[Result "1/2-1/2"]
[WhiteElo "2261"]
[BlackElo "2230"]
[Opening "Scandinavian: Pytel-Wade variation"]
[ECO "B01"]
[Time "16:00:10"]
[TimeControl "2700+45"]

1. e4 d5 2. exd5 Qxd5 3. Nc3 Qd6 4. d4 Nf6 5. Nf3 c6 6. Ne5 Nbd7 7. Nc4 Qc7 8.
Qf3 Nb6 9. Bf4 Qd8 10. Be5 Bg4 11. Qg3 h5 12. h3 h4 13. Qf4 Be6 14. Nd2 Nfd5 15.
Nxd5 Nxd5 16. Qe4 Qd7 17. c3 Bf5 18. Qf3 O-O-O 19. O-O-O f6 20. Bh2 Bg6 21. Bd3
Bh5 22. Bf5 e6 23. Bg4 Bg6 24. Rhe1 f5 25. Qd3 Qf7 26. Bf3 f4 27. Be4 Bh5 28.
Nf3 Bd6 29. Rd2 Qf6 30. a3 g5 31. Qc2 g4 32. hxg4 Bxg4 33. Ng1 Rdg8 34. c4 Ne7
35. f3 Bf5 36. Nh3 Bxh3 37. gxh3 Rg7 38. Qa4 Kb8 39. Bg1 Rhg8 40. Bf2 Rg2 41. d5
Rxf2 42. Rxf2 cxd5 43. cxd5 Bc5 44. Rc2 Be3+ 45. Kb1 exd5 46. Bh7 Rd8 47. Rg2
Nc6 48. Qd1 Ne5 49. Bd3 Rc8 50. Rc2 Rxc2 51. Kxc2 Qe6 52. Rh1 Qg8 53. Kb1 Qg2
54. Qf1 Qg3 55. Qd1 Nxf3 56. Ka2 Nd2 57. Qh5 Qg8 58. Bg6 d4+ 59. Bf7 Qc8 60.
Qe5+ Qc7 {Game drawn by mutual agreement} 1/2-1/2

[Event "Team 45 45 League T39"]
[Site "Internet Chess Club"]
[Date "2008.11.01"]
[Round "2"]
[White "fllinc"]
[Black "andreip"]
[Result "0-1"]
[WhiteElo "2042"]
[BlackElo "2048"]
[Opening "Caro-Kann: advance variation"]
[ECO "B12"]
[Time "14:59:28"]
[TimeControl "2700+45"]

1. e4 c6 2. d4 d5 3. e5 Bf5 4. Nc3 e6 5. g4 Bg6 6. Nge2 c5 7. h4 cxd4 8. Nxd4 h5
9. Bb5+ Nd7 10. f4 hxg4 11. Qxg4 Bh5 12. Qg5 a6 13. Bxd7+ Qxd7 14. f5 exf5 15.
Nxf5 f6 16. exf6 gxf6 17. Qf4 O-O-O 18. Be3 Re8 19. O-O Bh6 20. Nxh6 Nxh6 21.
Qxf6 Rhg8+ 22. Bg5 Qg4+ 23. Kh2 Re3 {White resigns} 0-1

[Event "Team 45 45 League T39"]
[Site "Internet Chess Club"]
[Date "2008.11.01"]
[Round "2"]
[White "HocusPocus"]
[Black "jonesey"]
[Result "0-1"]
[WhiteElo "1974"]
[BlackElo "1963"]
[Opening "Giuoco Piano"]
[ECO "C44"]
[Time "10:02:58"]
[TimeControl "2700+45"]

1. e4 e5 2. Nf3 Nc6 3. d4 exd4 4. Bc4 Bc5 5. c3 Nf6 6. cxd4 Bb4+ 7. Bd2 Bxd2+ 8.
Nbxd2 d5 9. exd5 Nxd5 10. O-O O-O 11. Qc2 Nf4 12. Qe4 Qd6 13. Nb3 Bd7 14. Ne5
Nxe5 15. dxe5 Qh6 16. Qxb7 Bc6 17. Qxc7 Qg6 {White resigns} 0-1

[Event "Team 45 45 League T39"]
[Site "Internet Chess Club"]
[Date "2008.10.31"]
[Round "2"]
[White "Qui"]
[Black "TerryMalloy"]
[Result "1/2-1/2"]
[WhiteElo "1929"]
[BlackElo "2018"]
[Opening "Benkö gambit"]
[ECO "A58"]
[Time "15:13:04"]
[TimeControl "2700+45"]

1. d4 Nf6 2. c4 c5 3. d5 b5 4. cxb5 a6 5. bxa6 g6 6. Nc3 Bxa6 7. e4 Bxf1 8. Kxf1
d6 9. g3 Bg7 10. Kg2 Nbd7 11. Nf3 Ra6 12. h3 O-O 13. Re1 Qa8 14. a4 Nb6 15. Qc2
e6 16. Nb5 Ne8 17. dxe6 fxe6 18. Ng5 Rf6 19. Rd1 h6 20. Nf3 Bf8 21. b3 e5 22.
Bb2 c4 23. bxc4 Rxa4 24. c5 dxc5 25. Bxe5 Rf7 26. Rxa4 Qxa4 27. Qxa4 Nxa4 28.
Ra1 Nb6 29. Ra6 Rb7 30. Nh4 Kf7 31. f4 Be7 32. Nf3 Nc4 33. Na3 Ncd6 34. Nd2 Rb4
35. Kf3 Ke6 36. Bc3 Nc7 37. Ra5 Nb7 38. Bxb4 cxb4 39. Re5+ Kf6 40. Nac4 Nc5 41.
f5 Bd6 42. Nxd6 Kxe5 43. Nf7+ Kf6 44. Nxh6 gxf5 45. Nxf5 b3 46. Ke3 b2 47. Nd6
Nb3 48. N6c4 Nxd2 49. Nxd2 Ne6 50. Kd3 Ng5 51. h4 Nf3 52. Nb1 Ke5 53. Nc3 Nd4
54. h5 Nb5 55. Nb1 Kf6 56. Kc2 Kg5 57. g4 Nd6 58. e5 Nc4 59. e6 Ne3+ 60. Kxb2
Nxg4 61. e7 Nf6 62. Nc3 Kxh5 63. Ne4 Ne8 64. Nc3 Kg6 65. Nd5 Kf7 66. Kc3 Nc7 67.
Nxc7 Kxe7 {Game drawn because neither player has mating material} 1/2-1/2

[Event "Team 45 45 League T39"]
[Site "Internet Chess Club"]
[Date "2008.11.01"]
[Round "2"]
[White "charlo"]
[Black "ElmerHo"]
[Result "1-0"]
[WhiteElo "1535"]
[BlackElo "1585"]
[Opening "Réti: old Indian attack"]
[ECO "A06"]
[Time "16:00:08"]
[TimeControl "2700+45"]

1. Nf3 d5 2. d3 Nf6 3. g3 Nc6 4. Bg2 e5 5. O-O h6 6. Nbd2 Bd6 7. e4 dxe4 8. dxe4
Be6 9. Re1 O-O 10. c3 Qd7 11. Qe2 a6 12. h4 Rad8 13. Nf1 Bc5 14. Be3 Qe7 15.
Bxc5 Qxc5 16. Qe3 Qb5 17. b3 Rd3 18. Qc1 Rfd8 19. Qc2 Qc5 20. Rac1 Bg4 21. N1h2
Bh5 22. b4 Qc4 23. Bf1 Nxb4 24. cxb4 Qxc2 25. Rxc2 R3d6 26. Rxc7 Rb6 27. Nxe5
Rxb4 28. g4 Ne8 29. Rc4 Rb5 30. Nhf3 f6 31. Rc2 fxe5 32. Bxb5 Bxg4 33. Bc4+
{Black resigns} 1-0

[Event "Team 45 45 League T39"]
[Site "Internet Chess Club"]
[Date "2008.10.30"]
[Round "2"]
[White "Invicta-Knight"]
[Black "BarryNL"]
[Result "1-0"]
[WhiteElo "1463"]
[BlackElo "1492"]
[Opening "French: advance variation"]
[ECO "C02"]
[Time "15:19:35"]
[TimeControl "2700+45"]

1. e4 e6 2. d4 d5 3. e5 c5 4. c3 cxd4 5. cxd4 Nc6 6. Nf3 f6 7. Bb5 Bd7 8. Bxc6
bxc6 9. O-O fxe5 10. Nxe5 Nf6 11. Bg5 Be7 12. Bxf6 Bxf6 13. Qh5+ g6 14. Qe2 O-O
15. Re1 Bxe5 16. Qxe5 Qf6 17. Qxf6 Rxf6 18. Nd2 Rb8 19. b3 Rbf8 20. Nf3 Kf7 21.
Rac1 Ke7 22. Rc2 Kd6 23. Ng5 Rh8 24. Rec1 e5 25. dxe5+ Kxe5 26. Rd2 h6 27. Re1+
Kd6 28. Ne4+ Ke6 29. Nxf6+ Kxf6 30. Rd3 Rc8 31. Rf3+ Bf5 32. g4 {Black resigns}
1-0

[Event "Team 45 45 League T39"]
[Site "Internet Chess Club"]
[Date "2008.11.01"]
[Round "2"]
[White "forsyth"]
[Black "twintower"]
[Result "1-0"]
[WhiteElo "1410"]
[BlackElo "1443"]
[Opening "French: classical, Pollock variation"]
[ECO "C14"]
[Time "20:05:50"]
[TimeControl "2700+45"]

1. e4 e6 2. d4 d5 3. Nc3 Nf6 4. Bg5 Be7 5. e5 Nfd7 6. Bxe7 Qxe7 7. Qg4 O-O 8. f4
Qb4 9. O-O-O Nb6 10. a3 Qe7 11. Nf3 f6 12. Qh4 Qf7 13. Bd3 g6 14. Ne2 Nc4 15.
Bxc4 dxc4 16. Rhf1 b5 17. g4 Nd7 18. g5 f5 19. Qg3 Bb7 20. h4 Nb6 21. Rg1 a5 22.
h5 Qe7 23. hxg6 Bxf3 24. gxh7+ Qxh7 25. Qxf3 Qg6 26. Rh1 Rf7 27. Rh6 Qg7 28.
Rdh1 Kf8 29. Rxe6 Re8 30. Rhh6 b4 31. Reg6 {Black resigns} 1-0

[Event "Team 45 45 League T39"]
[Site "Internet Chess Club"]
[Date "2008.11.02"]
[Round "2"]
[White "Portola"]
[Black "Zappy"]
[Result "1-0"]
[WhiteElo "1677"]
[BlackElo "1570"]
[Opening "Colle system"]
[ECO "D05"]
[Time "20:00:18"]
[TimeControl "2700+45"]

1. d4 Nf6 2. Nf3 e6 3. e3 d5 4. Bd3 c5 5. c3 c4 6. Bc2 Nc6 7. Nbd2 Bd6 8. e4
dxe4 9. Nxe4 Nxe4 10. Bxe4 Qc7 11. O-O Bd7 12. Bd2 e5 13. dxe5 Nxe5 14. Nxe5
Bxe5 15. g3 Bc6 16. Bxc6+ Qxc6 17. Qe2 Qe6 18. Rfe1 f6 19. f4 O-O 20. fxe5 fxe5
21. Qxe5 Qb6+ 22. Be3 Qxb2 23. Bd4 Rf7 24. Rf1 Raf8 25. Qe6 b6 26. Rxf7 Rxf7 27.
Rf1 h6 28. Qxf7+ Kh8 29. Qxg7# {Black checkmated} 1-0

[Event "Team 45 45 League T39"]
[Site "Internet Chess Club"]
[Date "2008.10.31"]
[Round "2"]
[White "ChessForce"]
[Black "Emrebey"]
[Result "0-1"]
[WhiteElo "1497"]
[BlackElo "1572"]
[Opening "Sicilian: accelerated fianchetto, modern variation"]
[ECO "B34"]
[Time "14:39:42"]
[TimeControl "2700+45"]

1. e4 c5 2. Nf3 Nc6 3. d4 cxd4 4. Nxd4 g6 5. Nc3 Bg7 6. Be3 Nf6 7. f3 O-O 8. Bc4
Qb6 9. Ncb5 a6 10. Nc3 Qxb2 11. Nde2 Nxe4 12. Rb1 Nxc3 13. Nxc3 Qxc3+ 14. Qd2
Qxc4 15. Rb3 d6 16. Qd3 Qxd3 17. Rxd3 Bf5 18. Rd2 Bc3 19. O-O Bxd2 20. Bxd2 Bxc2
21. Rc1 Nd4 22. Kf2 Rac8 23. Be3 Nf5 24. Bd2 Ba4 25. g4 Rxc1 26. Bxc1 Rc8 27.
gxf5 Rxc1 28. fxg6 Rc2+ 29. Kg3 fxg6 30. a3 Ra2 31. h3 Rxa3 32. Kh4 g5+ 33. Kxg5
Rxf3 34. Kg4 Rf1 35. h4 b5 36. h5 b4 37. h6 b3 38. Kg5 b2 39. Kg4 b1=Q 40. Kg3
Qd3+ 41. Kg4 Rg1+ 42. Kh4 Qe4+ 43. Kh5 Qg4# {White checkmated} 0-1

[Event "Team 45 45 League T39"]
[Site "Internet Chess Club"]
[Date "2008.11.02"]
[Round "2"]
[White "Campagnolo"]
[Black "Chessduke"]
[Result "1-0"]
[WhiteElo "2085"]
[BlackElo "2043"]
[Opening "Scandinavian: Pytel-Wade variation"]
[ECO "B01"]
[Time "05:00:06"]
[TimeControl "2700+45"]

1. e4 d5 2. exd5 Qxd5 3. Nc3 Qd6 4. d4 Nf6 5. Bc4 a6 6. Nf3 b5 7. Bb3 Bb7 8. O-O
e6 9. Re1 Be7 10. Ne5 O-O 11. Bf4 Qd8 12. Nxf7 Rxf7 13. Bxe6 b4 14. Ne2 Bd5 15.
Bxf7+ Bxf7 16. Qd3 Bd6 17. c4 Bxf4 18. Nxf4 Qd6 19. Ne2 Nc6 20. b3 Bg6 21. Qg3
Qxg3 22. hxg3 Re8 23. d5 Ne5 24. Nf4 Bf7 25. Rad1 g5 26. Ne6 Bxe6 27. Rxe5 Bg4
28. Rxg5+ Kf7 29. f3 Bh5 30. d6 cxd6 31. Rxd6 Re6 32. Rxe6 Kxe6 33. Ra5 Bg6 34.
Rxa6+ Ke7 35. Rb6 Bb1 36. Rxb4 Bxa2 37. Kf2 Nd7 38. Rb5 Kd6 39. Ke3 Nc5 40. b4
Nd7 41. Kd4 Bb1 42. Rd5+ Ke6 43. c5 Bc2 44. Rd6+ Ke7 45. b5 Ba4 46. b6 Nb8 47.
Rh6 {Black resigns} 1-0

[Event "Team 45 45 League T39"]
[Site "Internet Chess Club"]
[Date "2008.10.29"]
[Round "2"]
[White "Fegary"]
[Black "nosalt"]
[Result "1-0"]
[WhiteElo "2116"]
[BlackElo "1996"]
[Opening "Sicilian defense"]
[ECO "B33"]
[Time "10:01:47"]
[TimeControl "2700+45"]

1. e4 c5 2. Nf3 Nc6 3. d4 cxd4 4. Nxd4 Nf6 5. Nc3 e6 6. Be2 Bb4 7. Bf3 d5 8.
exd5 Nxd5 9. O-O Nxc3 10. Nxc6 Qb6 11. bxc3 Bxc3 12. Qd6 bxc6 13. Bxc6+ Bd7 14.
Bg5 f6 15. Bxd7+ Kd8 16. Bc6+ Kc8 17. Qd7+ Kb8 18. Rab1 Bb2 19. Be3 Rd8 20. Qxe6
Qb4 21. Bf4+ {Black resigns} 1-0

[Event "Team 45 45 League T39"]
[Site "Internet Chess Club"]
[Date "2008.10.31"]
[Round "2"]
[White "livis"]
[Black "smitty120"]
[Result "1-0"]
[WhiteElo "1969"]
[BlackElo "1967"]
[Opening "King's Indian: fianchetto without c4"]
[ECO "A49"]
[Time "16:01:36"]
[TimeControl "2700+45"]

1. Nf3 Nf6 2. d4 g6 3. g3 Bg7 4. Bg2 O-O 5. O-O d6 6. c4 c5 7. d5 Bd7 8. Nc3 a6
9. a4 Qa5 10. Bd2 Qb4 11. b3 Qb6 12. Ra2 Bg4 13. h3 Bxf3 14. exf3 Nbd7 15. f4
Nh5 16. g4 Nhf6 17. Qc2 Rae8 18. a5 Qc7 19. Ne4 Nxe4 20. Qxe4 Nf6 21. Qf3 h5 22.
f5 Qd7 23. g5 Nh7 24. fxg6 fxg6 25. Qd3 Qf5 26. Be4 Qe5 27. f4 Qd4+ 28. Qxd4
Bxd4+ 29. Kg2 Kg7 30. h4 e6 31. Be1 exd5 32. Bxd5 Re7 33. Bg3 Rfe8 34. f5 Re2+
35. Rxe2 Rxe2+ 36. Kh1 Re3 37. f6+ Nxf6 38. gxf6+ Bxf6 39. Rf3 Rxf3 40. Bxf3 Bd8
41. Bxb7 Bxa5 42. Bxd6 Bb4 43. Bxa6 Kf6 44. Kg2 g5 45. hxg5+ Kxg5 46. Bc8 Kf6
47. Kf3 {Black resigns} 1-0

[Event "Team 45 45 League T39"]
[Site "Internet Chess Club"]
[Date "2008.10.30"]
[Round "2"]
[White "Ehab"]
[Black "KarloTurk"]
[Result "1-0"]
[WhiteElo "1970"]
[BlackElo "2028"]
[Opening "Sicilian: accelerated fianchetto, modern variation"]
[ECO "B34"]
[Time "15:20:45"]
[TimeControl "2700+45"]

1. e4 c5 2. Nf3 g6 3. d4 cxd4 4. Nxd4 Nc6 5. Nc3 Bg7 6. Be3 Nf6 7. Qd2 O-O 8.
Be2 d6 9. f3 Bd7 10. g4 Qa5 11. h4 Rac8 12. Nb3 Qc7 13. h5 Ne5 14. Bh6 b5 15.
Bxg7 Kxg7 16. hxg6 fxg6 17. Qh6+ Kg8 18. Nd5 Nxf3+ 19. Bxf3 Qc4 20. g5 Rf7 21.
gxf6 exf6 22. Nxf6+ Rxf6 23. Qxh7+ Kf8 24. Qxd7 {Black resigns} 1-0

[Event "Team 45 45 League T39"]
[Site "Internet Chess Club"]
[Date "2008.10.29"]
[Round "2"]
[White "chess9397"]
[Black "MrKarma"]
[Result "1-0"]
[WhiteElo "1863"]
[BlackElo "1615"]
[Opening "Scandinavian defense"]
[ECO "B01"]
[Time "20:08:36"]
[TimeControl "2700+45"]

1. e4 d5 2. exd5 Nf6 3. Nc3 Nxd5 4. Nxd5 Qxd5 5. Nf3 Nc6 6. Be2 e5 7. d3 Bf5 8.
Be3 O-O-O 9. O-O Bc5 10. c4 Qd6 11. Ng5 Bg6 12. Bg4+ Kb8 13. Ne4 Bxe4 14. dxe4
Qxd1 15. Raxd1 Bxe3 16. fxe3 Rd6 17. Rxd6 cxd6 18. Rxf7 g6 19. Rd7 Rd8 20. Rxh7
Rf8 21. Be6 Rf6 22. Bd5 {Black resigns} 1-0